 Dungeon Crawl Stone Soup version 0.20.1-1-g8b1a95d (webtiles) character file.

93 schauveau the Digger (level 4, -9/25 HPs)
             Began as a Gargoyle Earth Elementalist on Dec 10, 2017.
             Killed by divine providence
             ... invoked by an orc priest
              (12 damage)
             ... on level 4 of the Dungeon.
             The game lasted 00:05:50 (1344 turns).

schauveau the Digger (Gargoyle Earth Elementalist)  Turns: 1344, Time: 00:05:51

Health: -9/25      AC:  7    Str: 12    XL:     4   Next: 61%
Magic:  7/7        EV: 11    Int: 16    God:
Gold:   29         SH:  0    Dex: 10    Spells: 4/8 levels left

rFire    . . .     SeeInvis .   a - +0 club
rCold    . . .     Gourm    .   (no shield)
rNeg     + . .     Faith    .   k - +1 leather armour (curse)
rPois    ∞         Spirit   .   (no helmet)
rElec    +         Reflect  .   (no cloak)
rCorr    .         Harm     .   (no gloves)
MR       .....                  (no boots)
Stlth    ++........             (no amulet)
Regen    0.1/turn               (no ring)
MPRegen  0.1/turn               (no ring)

@: hasted, very quick
A: negative energy resistance 1, electricity resistance, unbreathing,
petrification resistance, rot immunity, AC +3
a: no special abilities


You were on level 4 of the Dungeon.
You were not hungry.

You visited 1 branch of the dungeon, and saw 5 of its levels.

You collected 29 gold pieces.

Inventory:

Hand Weapons
 a - a +0 club (weapon)
 l - a +0 dagger
Missiles
 b - 115 stones
 m - 6 javelins (quivered)
Armour
 c - a +0 robe
 k - a cursed +1 leather armour (worn)
Potions
 j - a potion of might
Books
 e - a book of Geomancy

   Spells                             Type                      Level
   a - Sandblast                      Earth                        1
   b - Passwall                       Transmutation/Earth          2
   c - Stone Arrow                    Conjuration/Earth            3
   d - Petrify                        Transmutation/Earth          4
   e - Lee's Rapid Deconstruction     Earth                        5
Comestibles
 o - a royal jelly


   Skills:
 + Level 1.0 Fighting
 - Level 0.2 Maces & Flails
 + Level 1.2 Armour
 - Level 1.7 Dodging
 - Level 2.4 Stealth
 + Level 2.6 Spellcasting
   Level 0.7 Transmutations
 * Level 5.0 Earth Magic


You had 4 spell levels left.
You knew the following spells:

 Your Spells              Type           Power        Failure   Level  Hunger
s - Stone Arrow           Conj/Erth      ##....       26%         3    ###....
z - Sandblast             Erth           ###...       3%          1    #......


Dungeon Overview and Level Annotations

Branches:
Dungeon (5/15)
 Temple: D:4-7

Altars:

Annotations:
D:3 Terence


Innate Abilities, Weirdness & Mutations

You are resistant to torment.
Your stone body is resilient. (AC +3)
You are immune to poison.
You resist negative energy. (rN+)
You are resistant to electric shocks. (rElec)
You can survive without breathing.
You are immune to petrification.
You are immune to rotting.


Message History

You bump into the rock wall.
The giant cockroach bites you. x2
An adder skeleton comes into view.
You bump into the rock wall.
The orc priest calls down the wrath of Beogh upon you.
Beogh smites you!
Ouch! That really hurt!
The giant cockroach bites you.
You feel better. The giant cockroach bites you.
You feel yourself speed up.
The giant cockroach bites you but does no damage.
The orc wizard gestures wildly while chanting.
The orc wizard flickers and vanishes!
Deactivating autopickup; reactivate with Ctrl-A.
The orc priest calls down the wrath of Beogh upon you.
Beogh smites you!
Ouch! That really hurt!
* * * LOW HITPOINT WARNING * * *
The orc priest invokes the aid of Beogh against you.
Beogh smites you!
You die...

##### #.... ## #.### ...### #....
##....# ##### ....... ######
<......#####################.....
.......{Zo.o..s.@............)...
......s###################.#.#...
##....< #.#.#.#. ....... #.#.#...
.....#. #.#.#### ....... #...#
.... #. #.### .... #. #...#
##..####.#.#


You could see 2 orc priests and a giant cockroach.

Vanquished Creatures
  A bullfrog skeleton (D:5)
  An orc wizard (D:4)
  A leopard gecko (D:4)
  2 giant cockroaches (D:3)
  4 goblins
  7 hobgoblins
  2 jackals (D:2)
  A quokka (D:2)
  3 bats
  3 frilled lizards
  5 kobolds
  2 rats (D:1)
32 creatures vanquished.

Notes
Turn   | Place    | Note
-------+----------+-------------------------------------------
     0 | D:1      | schauveau the Gargoyle Earth Elementalist began the quest for the Orb.
     0 | D:1      | Reached XP level 1. HP: 10/10 MP: 3/3
   183 | D:1      | Reached skill level 4 in Earth Magic
   184 | D:1      | Reached XP level 2. HP: 15/15 MP: 0/5
   804 | D:3      | Reached XP level 3. HP: 19/19 MP: 0/6
   868 | D:3      | Noticed Terence
  1008 | D:4      | Learned a level 3 spell: Stone Arrow
  1210 | D:5      | Entered Level 5 of the Dungeon
  1230 | D:5      | Reached XP level 4. HP: 24/24 MP: 3/7
  1257 | D:4      | Reached skill level 1 in Fighting
  1257 | D:4      | Reached skill level 1 in Armour
  1257 | D:4      | Reached skill level 5 in Earth Magic
  1344 | D:4      | Killed from afar by an orc priest

Skill      XL: |  1  2  3  4 |
---------------+-------------+-----
Earth Magic    | 4 5 |  5.0
Fighting       | 1 |  1.0
Armour         | 1 |  1.2
Maces & Flails | |  0.2
Dodging        | |  1.7
Stealth        | |  2.4
Spellcasting   | |  2.6
Transmutations | |  0.7

Action                   |  1- 3 |  4- 6 || total
-------------------------+-------+-------++-------
Melee: Club              |    27 |       ||    27
Throw: Javelin           |     3 |       ||     3
 Cast: Sandblast         |    39 |     5 ||    44
  Use: Scroll            |     5 |       ||     5
       Potion            |       |     2 ||     2
  Eat: Chunk             |     1 |       ||     1
       Bread ration      |       |     1 ||     1
Armor: Leather armour    |    25 |     1 ||    26
Dodge: Dodged            |    35 |     2 ||    37
